 Dungeon Crawl Stone Soup version 0.26-a0-487-gbff1e92059 (webtiles) character file.

Game seed: 9137047076901809624

12788 KristoblXynda the Nimble (level 11, -9/80 HPs)
             Began as a Vampire Berserker on Aug 2, 2020.
             Was a High Priest of Trog.
             Mangled by a cyclops (27 damage)
             ... on level 11 of the Dungeon.
             The game lasted 00:15:40 (9844 turns).

KristoblXynda the Nimble (Vampire Berserker)        Turns: 9844, Time: 00:15:41

Health: -9/80      AC:  9    Str: 18    XL:     11   Next: 67%
Magic:  2/2        EV: 19    Int: 11    God:    Trog [*****.]
Gold:   536        SH:  7    Dex: 20    Spells: 10/10 levels left

rFire    . . .     SeeInvis +   x - +1 scimitar (flame)
rCold    . . .     Faith    .   o - +1 buckler
rNeg     + . .     Spirit   .   t - +0 ring mail of Submission {rN+ MP-9 Dex+6 Slay+4}
rPois    .         Reflect  .   (no helmet)
rElec    .         Harm     .   (no cloak)
rCorr    .                      v - +0 pair of gloves
MR       ++...                  B - +0 pair of boots
Stlth    +.........             z - amulet of regeneration
HPRegen  0.83/turn              k - ring of protection from magic
MPRegen  0.08/turn              (no ring)

@: regenerating quickly
A: fangs 3, see invisible, unbreathing
a: Exsanguinate, Berserk, Trog's Hand, Brothers in Arms, Renounce Religion


You were on level 11 of the Dungeon.
You worshipped Trog.
Trog was extremely pleased with you.
You visited 2 branches of the dungeon, and saw 12 of its levels.
You also visited: Sewer.

You collected 536 gold pieces.

Inventory:

Hand Weapons
 x - a +1 scimitar of flaming (weapon)
Armour
 o - a +1 buckler (worn)
 t - the +0 ring mail of Submission (worn) {rN+ MP-9 Dex+6 Slay+4}
   (You found it on level 4 of the Dungeon)

   It affects your dexterity (+6).
   It affects your accuracy and damage with ranged weapons and melee attacks
   (+4).
   It protects you from negative energy.
   It affects your magic capacity (-9).
 v - a +0 pair of gloves (worn)
 B - a +0 pair of boots (worn)
Jewellery
 k - a ring of protection from magic (left hand)
 z - an amulet of regeneration (around neck)
 D - an uncursed ring of flight
 F - an uncursed ring of protection from magic
Wands
 a - a wand of paralysis (6)
 s - a wand of acid (4)
Scrolls
 f - 2 scrolls of fog
 g - 2 scrolls of remove curse
 j - 6 scrolls of teleportation
 w - 2 scrolls of enchant armour
 y - 2 scrolls of identify
 A - a scroll of vulnerability {unknown}
 C - a scroll of enchant weapon
 E - a scroll of random uselessness {unknown}
Potions
 b - 4 potions of brilliance
 d - 4 potions of haste
 e - a potion of stabbing
 h - 4 potions of heal wounds
 i - 5 potions of lignification
 l - 2 potions of berserk rage
 m - 4 potions of flight
 n - 4 potions of mutation
 p - 2 potions of magic
 q - 2 potions of might
 r - 2 potions of resistance
 u - 2 potions of curing


   Skills:
 - Level 5.2 Fighting
 + Level 10.0 Long Blades
 + Level 8.1 Armour
 + Level 10.5 Dodging
 - Level 5.1 Shields
 + Level 5.0 Evocations


You had 10 spell levels left.
You didn't know any spells.
Your spell library contained the following spells:

 Spells                   Type           Power        Failure   Level
 Beastly Appendage        Tmut           #.....       50%         1
 Poisonous Vapours        Pois/Air       #.....       65%         2
 Wereblood                Tmut           #.......     65%         2
 Confusing Touch          Hex            #.......     86%         3
 Conjure Flame            Conj/Fire      #.......     86%         3
 Gell's Gravitas          Tloc           #.........   86%         3
 Mephitic Cloud           Conj/Pois/Air  #.......     86%         3
 Spider Form              Tmut/Pois      #.........   86%         3
 Ice Form                 Ice/Tmut       #.......     99%         4
 Petrify                  Tmut/Erth      #.......     99%         4
 Blade Hands              Tmut           #.........   100%        5
 Metabolic Englaciation   Hex/Ice        #.........   100%        5
 Yara's Violent Unravell  Hex/Tmut       #.........   100%        5
 Freezing Cloud           Conj/Ice/Air   #.........   100%        6


Dungeon Overview and Level Annotations

Branches:
Dungeon (11/15)            Temple (1/1) D:6            Lair (0/6) D:9
  Sewer (visited)
    Orc: D:9-12

Altars:
Ashenzari
Cheibriados
Dithmenos
Elyvilon
Fedhas
Gozag
Hepliaklqana
Kikubaaqudgha
Makhleb
Nemelex Xobeh
Okawaru
Qazlal
Ru
Sif Muna
Trog
Uskayaw
Vehumet
Wu Jian
Xom
Yredelemnul
Zin
The Shining One

Shops:
D:4 *   D:9 *=   D:10 :


Innate Abilities, Weirdness & Mutations

Your natural rate of healing is unusually fast.
You have razor-sharp teeth.
You have supernaturally acute eyesight. (SInv)
You can survive without breathing.


Message History

Your Long Blades skill increases to level 10!
Your Evocations skill increases to level 5!
A cyclops comes into view.
The cyclops shouts!
Things that are here:
a +0 troll leather armour; a troll corpse The cyclops throws a large rock.
The large rock hits you.
You see here a large rock.
You start resting.
A cyclops is nearby!
The cyclops throws a large rock.
The large rock hits you!!
* * * LOW HITPOINT WARNING * * *
You see here a large rock.
You block the cyclops's attack.
You hit the cyclops but do no damage. You bite the cyclops.
The cyclops is lightly wounded.
You slash the cyclops! You burn the cyclops. You bite the cyclops.
The cyclops is heavily wounded.
The cyclops hits you!!
You die...

# ##.## ##.#.## ###..# #...##
....## ## ##...# ##..###.#.#.#
#.# #...# #>.##.#...#.#. ...##
##..# ...#.)##..#.#.##....# #..#
..##...#..#.#...##..# ##.#
..#....##.#.##...C##.# #..
.##.....#.....##@....# ##.
.######!##...(.(##.....# #.
÷#.((())(†)..[....##.... #.
.(##############################.
.(...............................
###########......................
##..........#######.......##
######............###########....
.........................###.....


You could see a cyclops.

Vanquished Creatures
  2 centaur warriors (D:11)
  Erica (D:9)
  A two-headed ogre (D:10)
  Pikel (D:5)
  An ugly thing (D:11)
  4 cyclopes (D:11)
  A manticore (D:11)
  2 centaur skeletons (D:11)
  A gargoyle (D:10)
  2 trolls
  2 hornets
  5 hippogriffs
  A vampire (D:11)
  A shadow (D:11)
  Sigmund (D:5)
  A steam dragon (D:8)
  A vampire mosquito (D:11)
  2 soldier ants
  3 ice beasts
  2 orc warriors
  A hornet zombie (D:8)
  4 centaurs
  2 sky beasts
  3 phantoms
  4 ogres
  4 lemures (D:5)
  10 big kobolds
  5 bullfrogs
  5 scorpions
  A water moccasin skeleton (D:9)
  An electric eel (D:9)
  A bullfrog zombie (D:6)
  A howler monkey (D:6)
  A quasit (D:10)
  3 orc priests
  3 hounds
  4 jellies
  4 bullfrog skeletons
  4 iguanas
  4 orc wizards
  7 worker ants
  A killer bee zombie (D:7)
  2 hound zombies (D:5)
  2 howler monkey zombies
  A gnoll (D:4)
  15 adders
  2 river rats
  2 shadow imps
  2 white imps
  An ufetubus (D:5)
  6 oozes
  An adder zombie (D:6)
  An adder skeleton (D:4)
  5 worms
  2 dart slugs
  4 leopard geckos
  21 orcs
  2 giant cockroaches
  12 goblins
  15 hobgoblins
  13 jackals
  31 kobolds
  7 quokkas
  4 ball pythons
  A ball python skeleton (D:4)
  5 bats
  7 frilled lizards
  A jackal skeleton (D:7)
  A quokka zombie (D:6)
  6 rats
280 creatures vanquished.

Vanquished Creatures (others)
  14 toadstools (D:10)
14 creatures vanquished.

Grand Total: 294 creatures vanquished

Notes
Turn   | Place    | Note
-------+----------+-------------------------------------------
     0 | D:1      | KristoblXynda the Vampire Berserker began the quest for the
                  | Orb.
     0 | D:1      | Reached XP level 1. HP: 17/17 MP: 1/1
   357 | D:1      | Reached XP level 2. HP: 23/23 MP: 2/2
  1027 | D:2      | Found a faded altar of an unknown god.
  1133 | D:2      | Reached XP level 3. HP: 29/29 MP: 3/3
  1262 | D:2      | Found a glowing golden altar of the Shining One.
  1520 | D:3      | Found a glowing drain.
  1529 | Sewer    | Entered a sewer
  1546 | Sewer    | Noticed a big kobold
  1551 | Sewer    | Reached ** piety under Trog
  1558 | Sewer    | Killed a big kobold
  1558 | Sewer    | Reached skill level 1 in Shields
  1558 | Sewer    | Reached XP level 4. HP: 35/35 MP: 4/4
  1639 | Sewer    | Reached XP level 5. HP: 41/41 MP: 5/5
  1757 | Sewer    | Reached XP level 6. HP: 24/47 MP: 6/6
  2168 | Sewer    | Reached XP level 7. HP: 52/52 MP: 7/7
  2505 | D:3      | Found a sparkling altar of Nemelex Xobeh.
  2590 | D:3      | Reached *** piety under Trog
  3076 | D:4      | Got a brightly glowing ring mail
  3087 | D:4      | Identified the cursed +0 ring mail of Submission {rN+ MP-9
                  | Dex+6 Slay+4} (You found it on level 4 of the Dungeon)
  3293 | D:4      | Found Jibaq's Assorted Antiques.
  3348 | D:4      | Found a radiant altar of Vehumet.
  3516 | D:4      | Reached skill level 5 in Long Blades
  3522 | D:4      | Reached skill level 5 in Dodging
  3783 | D:4      | Found an iron altar of Okawaru.
  3974 | D:5      | Entered Level 5 of the Dungeon
  4213 | D:5      | Noticed Pikel
  4301 | D:5      | Noticed Sigmund
  4311 | D:5      | Killed Pikel
  4311 | D:5      | Reached XP level 8. HP: 58/58 MP: 0/8
  4318 | D:5      | Killed Sigmund
  4722 | D:6      | Reached skill level 5 in Armour
  4797 | D:6      | Reached XP level 9. HP: 57/63 MP: 0/9
  4831 | D:6      | Reached skill level 5 in Shields
  4896 | D:6      | Reached **** piety under Trog
  5226 | D:6      | You fall into a shaft and drop 2 floors!
  5470 | D:8      | Found a hazy altar of Hepliaklqana.
  5593 | D:8      | Found a snail-covered altar of Cheibriados.
  6581 | D:7      | Found a shattered altar of Ashenzari.
  6582 | D:7      | Found an iron altar of Okawaru.
  6586 | D:7      | Found a basalt altar of Yredelemnul.
  6920 | D:6      | Found a staircase to the Ecumenical Temple.
  6929 | Temple   | Entered the Ecumenical Temple
  7384 | D:8      | Paralysed by a hornet for 3 turns
  7528 | D:9      | Reached XP level 10. HP: 48/73 MP: 1/10
  7672 | D:9      | Noticed Erica
  7693 | D:9      | Killed Erica
  7693 | D:9      | Reached skill level 5 in Fighting
  7947 | D:9      | Reached skill level 1 in Evocations
  8089 | D:9      | Found Junipam's Jewellery Emporium.
  8126 | D:9      | Found Iqegacs's Assorted Antiques.
  8261 | D:9      | Found a staircase to the Lair.
  8330 | D:10     | Entered Level 10 of the Dungeon
  8330 | D:10     | Noticed a two-headed ogre
  8337 | D:10     | Killed a two-headed ogre
  8491 | D:10     | Noticed a gargoyle
  8504 | D:10     | Killed a gargoyle
  8830 | D:10     | Found Buetodae's Book Emporium.
  9097 | D:11     | Reached XP level 11. HP: 64/80 MP: 2/11
  9572 | D:11     | Noticed a centaur warrior
  9577 | D:11     | Noticed a cyan ugly thing
  9582 | D:11     | Killed a centaur warrior
  9584 | D:11     | Killed a cyan ugly thing
  9584 | D:11     | Reached skill level 10 in Dodging
  9606 | D:11     | Reached ***** piety under Trog
  9780 | D:11     | Noticed a centaur warrior
  9787 | D:11     | Killed a centaur warrior
  9833 | D:11     | Reached skill level 10 in Long Blades
  9833 | D:11     | Reached skill level 5 in Evocations
  9844 | D:11     | Mangled by a cyclops

Illustrated notes

Levels and vault maps discovered:
D:1:      nzn_arrival_crosshair, layout_loops_corners, chequers_avenue
D:2:      layout_basic, overflow_temple_1_default,
          chequers_ecumenical_altar_island
D:3:      layout_loops_ring, cheibrodos_sewer_entry_sluice,
          nemelex_xobeh_ov_fountains_minmay
D:4:      minmay_diamond_boxcup, layout_loops_corners,
          nicolae_overflow_crystal_walls, serial_shops, shop_statue,
          okawaru_altar_gauntlet_db
D:5:      layout_loops_ring, uniq_pikel, uniq_sigmund
D:6:      layout_loops_ring, minmay_temple_entry_waves
D:7:      layout_loops_ring, chequers_temple_overflow_statue_of_worship
D:8:      layout_gridville, lemuel_round_altar, lemuel_crystal_altar
D:9:      layout_rooms, dpeg_oklobed_lair, serial_shops,
          nicolae_shop_window_shopping, kennysheep_little_box,
          serial_bayou_ford_a, uniq_erica
D:10:     old_forge, layout_rooms, serial_shops, nicolae_shop_crystal,
          tgw_fedhas
D:11:     minmay_the_grid_triangle_9x9_recursive_3_mashed
          [minmay_the_grid_triangle_9x9_corruption,
          minmay_the_grid_triangle_9x9_subtriangle,
          minmay_the_grid_triangle_9x9_longest,
          minmay_the_grid_triangle_9x9_prize_insulated,
          minmay_the_grid_triangle_9x9_windchime,
          minmay_the_grid_triangle_9x9_odd_lines,
          minmay_the_grid_triangle_9x9_from_above,
          minmay_the_grid_triangle_9x9_cache,
          minmay_the_grid_triangle_9x9_flanged_cone], layout_rooms,
          minmay_fire_ice_demons
Temple:   regret_index_temple_waves

Skill      XL: |  1  2  3  4  5  6  7  8  9 10 11 |
---------------+----------------------------------+-----
Fighting       | 3 4 5 |  5.2
Armour         | 2 3 4 5 6 7 8 |  8.1
Dodging        | 3 4 6 8 9 10 | 10.5
Shields        | 1 2 4 5 |  5.1
Long Blades    | 4 6 7 9 10 | 10.0
Evocations     | 3 5 |  5.0

Action                   |  1- 3 |  4- 6 |  7- 9 | 10-12 || total
-------------------------+-------+-------+-------+-------++-------
Melee: Falchion          |   108 |   150 |   237 |       ||   495
       Bite              |    16 |    14 |    67 |    37 ||   134
       Long sword        |       |       |   190 |    19 ||   209
       Scimitar          |       |       |       |   169 ||   169
Invok: Berserk           |     1 |     2 |     7 |     5 ||    15
Evoke: Wand              |       |       |       |     6 ||     6
  Use: Scroll            |     7 |       |    13 |     2 ||    22
       Potion            |       |       |       |     1 ||     1
Armor: Ring mail         |    52 |    29 |    84 |    47 ||   212
Dodge: Dodged            |    85 |    50 |   282 |   132 ||   549
Block: Buckler           |       |    19 |   130 |    66 ||   215
       Rpst.: Falchion   |    29 |    16 |    46 |       ||    91
       Long sword        |       |       |    53 |     4 ||    57
       Scimitar          |       |       |       |    31 ||    31

Table legend: (Time is in decaauts)
 A = Elapsed time spent in this place.
 B = Non-inter-level travel time spent in this place.
 C = Inter-level travel time spent in this place.
 D = Time resting spent in this place.
 E = Time spent auto-exploring this place.
 F = Levels seen in this place.
 G = Mean time per level.
                   A        B        C        D        E       F      G
               +--------+--------+--------+--------+--------+-----+--------+
         Total |  10180 |   9764 |    416 |   1546 |   5789 |  13 |  783.1 |
       Dungeon |   9072 |   8727 |    345 |   1393 |   5401 |  11 |  824.7 |
        Temple |    144 |     73 |     71 |      0 |     72 |   1 |  144.0 |
         Sewer |    962 |    962 |      0 |    153 |    316 |   1 |  962.0 |
               +--------+--------+--------+--------+--------+-----+--------+

Top non-repeatable levels by time:
     D:4: 1163 daAuts
     D:8: 1157 daAuts
     D:1: 1012 daAuts
   Sewer: 962 daAuts
     D:6: 937 daAuts
    D:11: 908 daAuts
     D:9: 857 daAuts
     D:5: 689 daAuts
     D:7: 654 daAuts
    D:10: 636 daAuts
     D:3: 622 daAuts
     D:2: 432 daAuts
  Temple: 144 daAuts
